 Dungeon Crawl Stone Soup version 0.29.0-5-ge4962eb29e (webtiles) character file.

Game seed: 10933217949921968177

9 sentinel the Digger (level 2, 0/20 HPs)
             Began as a Meteoran Earth Elementalist on Aug 29, 2022.
             Slain by an adder (2 damage)
             ... on level 3 of the Dungeon.
             The game lasted 00:00:38 (142 turns).

sentinel the Digger (Meteoran Earth Elementalist)    Turns: 142, Time: 00:00:38

Health: 0/20       AC:  2    Str:  9    XL:     2   Next: 35%
Magic:  3/6        EV: 12    Int: 16    God:
Gold:   0          SH:  0    Dex: 14    Spells: 5/6 levels left

rFire   . . .      SeeInvis .   (no weapon)
rCold   . . .      Faith    .   (no shield)
rNeg    . . .      Spirit   .   a - +0 robe
rPois   .          Reflect  .   (no helmet)
rElec   .          Harm     .   (no cloak)
rCorr   .          Rampage  .   (no gloves)
Will    .....                   (no boots)
Stlth   +.........              (no amulet)
HPRegen 0.06/turn               (no ring)
MPRegen 0.10/turn               (no ring)

@: glowing
A: sense surroundings 1, otherworldly, glowing, explore regen
a: no special abilities


You were on level 3 of the Dungeon.
You visited 1 branch of the dungeon, and saw 3 of its levels.

Inventory:

Armour
 a - a +0 robe (worn)
Scrolls
 e - a scroll of identify {unknown}
 f - a scroll of teleportation {unknown}
Potions
 b - 2 potions of magic
 c - a potion of heal wounds {unknown}
 d - a potion of degeneration {unknown}


   Skills:
 - Level 2.4 Dodging
 - Level 1.4 Stealth
 - Level 2.6 Spellcasting
 - Level 1.2 Transmutations
 + Level 4.4 Earth Magic


You had 5 spell levels left.
You knew the following spells:

 Your Spells              Type           Power      Damage    Failure   Level
a - Sandblast             Erth           32%        2d9       3%          1

Your spell library contained the following spells:

 Spells                   Type           Power      Damage    Failure   Level
 Passwall                 Tmut/Erth      9%         N/A       10%         2
 Stone Arrow              Conj/Erth      18%        3d8       24%         3
 Petrify                  Tmut/Erth      11%        N/A       52%         4


Dungeon Overview and Level Annotations

Branches:
Dungeon (3/15) Zot: 1652

Altars:


Innate Abilities, Weirdness & Mutations

You passively map a small area around you.
You are easily found by Zot.
You glow in the dark.
You regain HP and MP as you explore.


Message History

Welcome, sentinel the Meteoran Earth Elementalist.
Will you prevail where others failed? Will you find the Orb of Zot?
Press ? for a list of commands and other information.
Found 7 gold pieces and a dagger.
Found a staircase leading out of the dungeon.
Found an escape hatch in the floor.
Found a coppery potion.
You see here a +0 dagger.
c - a coppery potion
Found 14 gold pieces.
Found 11 gold pieces.
There is an escape hatch in the floor here.
You slide downwards.
The hatch slams shut behind you.
Found a stone staircase leading up.
There is a stone staircase leading up here.
You climb upwards.
There is a stone staircase leading down here.
You climb downwards.
There is a stone staircase leading up here.
A goblin comes into view. It is wielding a +0 club.
The goblin closely misses you.
The blast of sand hits the goblin!
You kill the goblin!
You can't see any susceptible monsters within range! (Use Z to cast anyway.)
Things that are here:
a +0 club; a goblin corpse Magic restored.
You open the door.
A ball python comes into view.
The ball python hisses angrily.
Found a fuming green potion.
A ball python is nearby!
A ball python is nearby!
The blast of sand hits the ball python!
You kill the ball python!
You can't see any susceptible monsters within range! (Use Z to cast anyway.)
There is an open door here.
d - a fuming green potion You open the door.
There is an open door here.
Found a scroll labelled VOUTALERINO.
A bat comes into view.
Found a stone staircase leading down.
You see here a scroll labelled VOUTALERINO.
The bat closely misses you. The bat hits you.
You miscast Sandblast.
You are very lightly contaminated with residual magic.
Nothing appears to happen.
The bat closely misses you. x2
The blast of sand hits the bat!
You kill the bat!
You can't see any susceptible monsters within range! (Use Z to cast anyway.)
e - a scroll labelled VOUTALERINO Your magical contamination has completely faded away.
Magic restored.
Found a potion of magic.
There is a stone staircase leading down here.
b - 2 potions of magic (gained 1)
There is a stone staircase leading down here.
You climb downwards.
There is a stone staircase leading up here.
Found a scroll labelled QAUWU XERPHIUPS.
A goblin comes into view. It is wielding a +0 club.
The goblin shouts!
The goblin moves out of view.
The blast of sand hits the goblin!
You kill the goblin!
Your Earth Magic skill increases to level 4!
You have reached level 2! 2 orcs come into view.
You see here a scroll labelled QAUWU XERPHIUPS.
The orc shouts!
You hit the orc but do no damage.
You hear a shout!
The orc closely misses you.
You hear a shout!
The blast of sand hits the orc!
You kill the orc!
You hear an angry hiss.
The blast of sand hits the orc!
You kill the orc!
You can't see any susceptible monsters within range! (Use Z to cast anyway.)
You can't see any susceptible monsters within range! (Use Z to cast anyway.)
f - a scroll labelled QAUWU XERPHIUPS
Items here: )) ††.
Found an escape hatch in the floor.
An orc comes into view. It is wielding a +0 short sword.
An orc priest comes into view. It is wielding a +0 hand axe.
The orc priest shouts!
An adder comes into view.
An orc comes into view. It is wielding a +0 whip.
The orc barely misses you.
The blast of sand hits the orc priest!
The orc priest is heavily wounded.
The orc closely misses you.
The orc priest hits you with a +0 hand axe.
The orc priest closely misses you. The orc hits you with a +0 short sword.
The blast of sand hits the orc priest.
The orc priest is almost dead.
The adder bites you. The orc hits you with a +0 short sword.
The adder barely misses you.
The orc priest hits you but does no damage.
Casting: Sandblast (safe; 3% risk of failure)
Confirm with . or Enter, or press ? or * to list all spells.
Aiming: Sandblast (safe; 3% risk of failure)
Press: ? - help, Shift-Dir - straight line, f/p - orc priest
Aim: an orc priest, wielding a +0 hand axe and wearing a +0 ring mail (almost dead, 84% to hit)
The blast of sand hits the orc priest.
The orc priest is almost dead.
The adder barely misses you. The orc closely misses you.
The orc priest closely misses you. The adder bites you.
* * * LOW HITPOINT WARNING * * *
The orc barely misses you. The orc priest closely misses you.
Casting: Sandblast (safe; 3% risk of failure)
Confirm with . or Enter, or press ? or * to list all spells.
Aiming: Sandblast (safe; 3% risk of failure)
Press: ? - help, Shift-Dir - straight line, f/p - orc priest
Aim: an orc priest, wielding a +0 hand axe and wearing a +0 ring mail (almost dead, 84% to hit)
The blast of sand hits the orc priest but does no damage.
The orc priest is almost dead.
The adder closely misses you. The orc hits you with a +0 short sword.
* * * LOW HITPOINT WARNING * * *
The orc priest casts a cantrip, but nothing happens.
The adder bites you.
You die...

, , , * #.., ,
, , #.#.# , ,
.##*#.#.#,
,...#.#># * * *
#.#.#.#
###....o# * , ,
......oS#######
* ,,
####o@......#
,, ,
#.)...#.....# ,
, #.###+#+##..#
, #........#,
#* , #........#
* , ,
#....)...#, *
,,
#....#####,,***
*,#.##.#<..# ,
...##.##.## , *


You could see an orc priest, an adder and 2 orcs.

Vanquished Creatures
  2 orcs (D:3)
  A bat (D:2)
  2 goblins
  A ball python (D:2)
6 creatures vanquished.

Notes
Turn   | Place    | Note
-------+----------+-------------------------------------------
     0 | D:1      | sentinel the Meteoran Earth Elementalist began the quest
                  | for the Orb.
     0 | D:1      | Reached XP level 1. HP: 14/14 MP: 5/5
   126 | D:3      | Reached skill level 4 in Earth Magic
   126 | D:3      | Reached XP level 2. HP: 20/20 MP: 6/6
   142 | D:3      | Slain by an adder

Illustrated notes

Levels and vault maps discovered:
D:1:      minmay_arrival_open_corners, layout_loops_cross, hex_medium
D:2:      layout_loops_corners
D:3:      layout_basic, nicolae_overflow_hallway_of_the_gods,
          hangedman_decor_peaks_small

Skill      XL: |  1 |
---------------+----+-----
Earth Magic    | 4 |  4.4
Dodging        | |  2.4
Stealth        | |  1.4
Spellcasting   | |  2.6
Transmutations | |  1.2

Action                   || total
-------------------------++-------
Melee: Unarmed           ||     1
 Cast: Sandblast         ||    10
Armor: Robe              ||     1
Dodge: Dodged            ||    15
